Map: Lerilak Crest

Players

FWNice (Nice)

  • Race: Protoss Protoss
  • League: Master

万能虚空王 (XiGua) - Winner!

  • Race: Zerg Zerg
  • League: Grandmaster

Event: NationWars III

VOD

Have the link to the VOD?

Description

Time

  • Played on: Dec. 3, 2015, 2:51 p.m.
  • Length: 11:12
Show
View Real Time Build Order
Export as new Build Order

FWNice Protoss 

Build Orders:  

Get SALT Encoding   

  12  0:02  Probe (Chrono Boost)  
  13  0:12  Probe (Chrono Boost)  
  14  0:17  Pylon  
  14  0:23  Probe (Chrono Boost)  
  15  0:36  Probe (Chrono Boost)  
  15  0:38  Gateway  
  16  0:46  Probe (Chrono Boost)  
  18  0:57  Probe (Chrono Boost)  
  18  0:58  Assimilator  
  18  1:03  Assimilator  
  18  1:07  Probe (Chrono Boost)  
  19  1:11  Gateway  
  19  1:15  Pylon  
  20  1:18  Probe (Chrono Boost)  
  20  1:29  Probe (Chrono Boost)  
  21  1:33  Cybernetics Core  
  21  1:40  Probe (Chrono Boost)  
  22  1:50  Probe (Chrono Boost)  
  23  2:10  Adept x2  
  23  2:11  Mothership Core (Chrono Boost)  
  23  2:12  Warp Gate  
  29  2:29  Probe (Chrono Boost)  
  30  2:41  Pylon  
  30  2:48  Stargate  
  30  2:51  Probe (Chrono Boost)  
  31  2:59  Adept x2  
  36  3:05  Probe (Chrono Boost)  
  36  3:14  Pylon  
  36  3:16  Probe (Chrono Boost)  
  37  3:20  Nexus  
  37  3:27  Probe (Chrono Boost)  
  35  3:36  Adept x2  
  39  3:49  Pylon  
  37  4:03  Probe  
  37  4:06  Oracle (Chrono Boost)  
  37  4:10  Gateway  
  37  4:12  Gateway  
  37  4:14  Pylon  
  37  4:15  Probe  
  38  4:18  Sentry  
  38  4:19  Sentry  
  42  4:27  Probe  
  43  4:34  Probe  
  47  4:40  Probe  
  47  4:45  Probe, Phoenix (Chrono Boost)  
  47  4:52  Probe  
  49  4:56  Probe  
  49  4:58  Assimilator  
  50  5:00  Assimilator  
  50  5:04  Robotics Facility  
  50  5:06  Probe  
  51  5:07  Probe  
  52  5:18  Probe x2  
  54  5:28  Probe  
  54  5:30  Probe  
  54  5:31  Pylon  
  56  5:39  Probe  
  56  5:42  Probe  
  58  5:43  Pylon  
  58  5:52  Warp Prism  
  58  5:54  Robotics Bay  
  58  5:56  Adept  
  58  5:57  Stalker, Adept  
  66  6:13  Nexus  
  66  6:18  Pylon  
  66  6:32  Probe  
  66  6:34  Probe  
  67  6:41  Disruptor (Chrono Boost)  
  67  6:46  Probe  
  70  6:47  Probe  
  70  6:52  Stalker x4  
  80  6:56  Probe  
  80  6:59  Probe  
  80  7:01  Pylon x2  
  82  7:07  Probe  
  82  7:12  Probe  
  82  7:13  Disruptor (Chrono Boost)  
  87  7:22  Pylon  
  87  7:24  Pylon  
  87  7:35  Probe  
  87  7:36  Probe  
  89  7:43  Stalker x4  
  89  7:44  Disruptor (Chrono Boost)  
  100  8:02  Gateway  
  100  8:03  Gateway  
  100  8:14  Probe  
  100  8:15  Adept x4, Disruptor (Chrono Boost)  
  110  8:24  Probe x2  
  112  8:27  Pylon  
  112  8:33  Twilight Council  
  111  8:36  Pylon  
  111  8:39  Stalker x2  
  111  8:40  Stalker x2  
  113  8:43  Probe  
  113  8:44  Probe x2  
  113  8:46  Disruptor (Chrono Boost)  
  113  8:54  Probe x2  
  113  8:55  Probe  
  107  9:05  Probe x2  
  107  9:07  Probe  
  108  9:12  Forge  
  108  9:15  Probe  
  108  9:16  Probe  
  108  9:19  Probe  
  108  9:21  Sentry  
  108  9:22  Pylon  
  113  9:26  Probe x2  
  115  9:31  Probe  
  115  9:36  Probe  
  115  9:37  Probe  
  117  9:40  Disruptor (Chrono Boost)  
  117  9:44  Sentry x2, Probe  
  128  9:56  Probe  
  127  10:02  Assimilator  
  127  10:03  Assimilator  
  127  10:06  Stalker x3  
  127  10:07  Stalker  
  128  10:26  Stalker x2  
  82  10:45  Stalker x3  
  82  10:46  Stalker  
Show
View Real Time Build Order
Export as new Build Order

万能虚空王 Zerg - Winner!

Build Orders: 3 Hatch before Pool 

Get SALT Encoding   

  12  0:03  Drone  
  13  0:13  Overlord  
  13  0:17  Drone  
  14  0:31  Drone x2  
  16  0:37  Drone  
  17  0:53  Hatchery  
  17  0:56  Drone  
  17  0:58  Drone  
  18  1:20  Drone  
  18  1:23  Hatchery  
  18  1:24  Drone  
  19  1:37  Spawning Pool  
  18  1:40  Extractor  
  18  1:41  Drone  
  18  1:47  Drone  
  18  1:50  Drone  
  20  2:03  Drone  
  20  2:05  Drone  
  22  2:12  Drone  
  23  2:15  Overlord  
  23  2:24  Queen  
  23  2:25  Queen  
  23  2:28  Zergling x2  
  28  2:36  Queen  
  28  2:42  Metabolic Boost  
  30  2:45  Drone  
  30  2:50  Drone  
  30  2:51  Drone  
  33  2:54  Drone  
  33  2:56  Zergling x2  
  34  2:58  Zergling x2  
  34  3:01  Zergling x2  
  34  3:03  Zergling x2  
  37  3:08  Drone  
  37  3:12  Queen  
  40  3:18  Zergling x4  
  42  3:22  Overlord  
  42  3:31  Overlord  
  40  3:36  Drone  
  40  3:38  Spore Crawler  
  40  3:41  Drone x4  
  42  3:47  Drone x2  
  46  3:49  Queen  
  46  3:52  Drone x3  
  51  3:57  Drone  
  51  4:04  Drone  
  51  4:06  Overlord  
  51  4:07  Overlord  
  51  4:08  Drone x2  
  53  4:10  Drone  
  53  4:16  Overlord  
  54  4:20  Lair  
  54  4:23  Overlord  
  54  4:28  Extractor  
  54  4:29  Drone x5, Extractor  
  57  4:34  Drone x3, Extractor  
  59  4:42  Spore Crawler x2  
  57  4:46  Spore Crawler, Drone  
  57  4:47  Drone x2  
  59  4:54  Drone x2, Roach Warren  
  59  4:56  Zergling x2  
  61  5:06  Drone x3  
  64  5:11  Drone x3  
  64  5:12  Drone x3  
  70  5:15  Drone x3  
  70  5:16  Drone  
  73  5:24  Overseer  
  72  5:34  Evolution Chamber, Drone  
  72  5:35  Drone x4, Glial Reconstitution  
  75  5:36  Overlord, Drone  
  75  5:39  Overlord x2  
  75  5:53  Hatchery  
  75  5:54  Drone x3  
  75  5:55  Drone x3  
  75  5:56  Extractor  
  79  5:58  Hydralisk Den, Roach  
  79  6:01  Roach  
  79  6:02  Roach  
  84  6:04  Zerg Missile Weapons Level 1  
  84  6:07  Roach x2  
  86  6:12  Roach  
  86  6:13  Roach  
  86  6:14  Roach  
  86  6:16  Overseer  
  92  6:19  Extractor  
  92  6:24  Drone x4, Overlord  
  92  6:25  Overlord x2  
  94  6:40  Roach  
  94  6:41  Roach x4  
  94  6:46  Muscular Augments  
  104  6:50  Overlord x2  
  104  6:54  Infestation Pit  
  104  6:55  Hydralisk x5  
  113  7:02  Drone  
  113  7:04  Drone x2  
  113  7:05  Drone  
  113  7:07  Drone x3  
  120  7:10  Drone  
  120  7:11  Drone  
  120  7:14  Roach x3  
  128  7:22  Overlord  
  128  7:24  Overlord  
  128  7:25  Hydralisk  
  128  7:28  Extractor x2  
  128  7:31  Overlord  
  128  7:33  Hive  
  128  7:34  Roach x3  
  128  7:35  Ravager x2  
  136  7:39  Spore Crawler, Drone  
  136  7:40  Overlord x2  
  136  7:42  Overlord x2  
  136  7:47  Roach x2  
  140  7:52  Ravager  
  140  7:53  Ravager, Hydralisk  
  140  7:54  Hydralisk x2  
  148  8:00  Roach x6  
  146  8:10  Roach, Zergling x2  
  146  8:12  Roach  
  147  8:16  Roach x5  
  147  8:18  Roach x3  
  162  8:21  Roach x2  
  157  8:32  Roach x8  
  173  8:37  Roach  
  173  8:38  Roach x2  
  177  8:43  Roach  
  166  8:51  Roach  
  166  8:52  Roach  
  166  8:53  Roach  
  162  8:56  Roach x6  
  162  8:57  Roach  
  162  9:02  Roach  
  162  9:05  Viper  
  162  9:06  Viper  
  162  9:08  Drone  
  169  9:12  Drone x2  
  169  9:13  Drone  
  172  9:19  Hydralisk  
  174  9:25  Hatchery  
  174  9:26  Hydralisk x4  
  174  9:30  Ravager x2  
  183  9:39  Viper  
  183  9:41  Roach x2  
  190  9:52  Roach  
  192  10:11  Roach  
  191  10:18  Roach  
  185  10:21  Roach x2  
  185  10:25  Roach x5  
  185  10:27  Roach x2  
  192  10:32  Roach  
  192  10:33  Roach x3  
  192  10:35  Roach x2  
  192  10:36  Overlord  
  192  10:39  Roach x2  
  190  10:44  Roach x2  
  190  10:46  Roach  
  190  10:48  Roach  
  190  10:49  Roach x3  
  192  10:50  Roach  
Tags
 
Add a new tag
Caveats
  • Supply blocks, unpowered buildings, or Contaminate may cause inaccurate times.
  • Supply counts are checked every 10 seconds.